Map: Eternal Empire LE

Players

navarre

  • Race: Protoss Protoss
  • League: Silver
  • Spawn Location: 1:00

A.I. 1 (Hard) - Winner!

  • Race: Protoss Protoss
  • Spawn Location: 7:00

VOD

Have the link to the VOD?

Description

Time

  • Played on: Sept. 8, 2020, 5:15 p.m.
  • Length: 4:29
Show
View Real Time Build Order
Export as new Build Order

navarre Protoss 

Build Orders: 1 Gate Expand 

Get SALT Encoding   

  12  0:00  Probe  
  13  0:12  Probe  
  14  0:17  Pylon  
  14  0:24  Probe (Chrono Boost)  
  15  0:37  Probe (Chrono Boost)  
  15  0:42  Gateway  
  16  0:45  Probe (Chrono Boost)  
  16  0:47  Assimilator  
  17  0:51  Probe  
  18  1:03  Probe  
  19  1:15  Probe  
  20  1:24  Nexus  
  20  1:34  Cybernetics Core  
  20  1:37  Probe  
  21  1:42  Assimilator  
  21  1:49  Probe  
  21  1:53  Pylon  
  22  2:01  Probe  
  23  2:09  Stalker (Chrono Boost)  
  23  2:12  Warp Gate  
  23  2:13  Probe  
  26  2:25  Probe  
  26  2:28  Robotics Facility  
  27  2:34  Stalker  
  29  2:37  Probe x2  
  31  2:49  Probe x2  
  32  3:01  Probe x2  
  34  3:08  Gateway  
  34  3:12  Gateway  
  34  3:18  Probe x2  
  36  3:24  Observer (Chrono Boost)  
  37  3:30  Probe x2  
  37  3:32  Pylon  
  39  3:35  Stalker  
  41  3:42  Probe x2  
Show
View Real Time Build Order
Export as new Build Order

A.I. 1 (Hard) Protoss - Winner!

Build Orders: 1 Gate Expand 

Get SALT Encoding   

  12  0:00  Probe  
  13  0:13  Probe  
  14  0:20  Pylon  
  14  0:25  Probe  
  15  0:34  Probe  
  15  0:42  Probe, Gateway  
  17  1:08  Probe  
  17  1:10  Nexus  
  18  1:29  Pylon  
  18  1:30  Zealot  
  18  1:31  Assimilator  
  20  1:41  Cybernetics Core  
  20  1:43  Probe  
  21  1:55  Probe  
  22  2:05  Probe  
  22  2:06  Gateway  
  23  2:10  Stalker  
  23  2:13  Assimilator  
  23  2:19  Probe  
  23  2:20  Pylon  
  26  2:36  Probe  
  27  2:38  Adept  
  29  2:47  Probe  
  29  2:48  Stalker  
  29  2:51  Probe  
  33  2:59  Probe  
  34  3:08  Zealot  
  34  3:10  Gateway  
  36  3:26  Stalker  
  38  3:38  Probe  
  38  3:40  Stalker  
  39  3:42  Probe  
  42  3:51  Probe  
  42  3:54  Probe  
  44  3:56  Stalker  
  44  3:58  Pylon  
  44  4:02  Forge  
  46  4:03  Probe  
  46  4:08  Probe  
  47  4:15  Probe  
  47  4:16  Probe  
Tags
 
Add a new tag
Caveats
  • Supply blocks, unpowered buildings, or Contaminate may cause inaccurate times.
  • Supply counts are checked every 10 seconds.